 Dungeon Crawl Stone Soup version 0.32-a0-391-gce5c0aab1b (webtiles) character file.

Game seed: 4545521976173116806

402 n00bmints the Cudgeller (level 6, -12/53 HPs)
             Began as a Mountain Dwarf Berserker on Feb 19, 2024.
             Was a Believer of Trog.
             Mangled by a sleepcap (20 damage)
             ... on level 5 of the Dungeon.
             The game lasted 00:07:05 (2687 turns).

n00bmints the Cudgeller (Mountain Dwarf Berserker)  Turns: 2687, Time: 00:07:06

Health: -12/53     AC:  8    Str: 22    XL:     6   Next: 55%
Magic:  6/6        EV:  2    Int:  7    God:    Trog [**....]
Gold:   171        SH:  0    Dex:  9    Spells: 5/5 levels left

rFire   . . .        a - +0 mace
rCold   . . .        (no shield)
rNeg    . . .        g - +0 ring mail
rPois   .            (no helmet)
rElec   .            d - +0 cloak
rCorr   .            l - +0 pair of gloves
SInv    .            (no boots)
Will    .....        (no amulet) Stlth
                     (no ring)
HPRegen 0.28/turn    (no ring)
MPRegen 0.10/turn

%: no passive effects
@: sleeping
A: runic magic, artefact enchanting
a: Renounce Religion, Berserk, Trog's Hand


You were on level 5 of the Dungeon.
You worshipped Trog.
Trog was pleased with you.
You visited 1 branch of the dungeon, and saw 5 of its levels.

You collected 171 gold pieces.

Inventory:

Hand Weapons
 a - a +0 mace (weapon)
Armour
 d - a +0 cloak (worn)
 g - a +0 ring mail (worn)
 l - a +0 pair of gloves (worn)
Jewellery
 k - an amulet of magic regeneration
Scrolls
 b - a scroll of vulnerability
 m - a scroll of fear
 n - 2 scrolls of silence {unknown}
 o - a scroll of revelation {unknown}
Potions
 c - a potion of attraction {unknown}
 e - 2 potions of enlightenment {unknown}
 f - 2 potions of might
 h - 3 potions of curing {unknown}
 i - 2 potions of mutation {unknown}
 j - a potion of brilliance {unknown}


   Skills:
 + Level 4.6 Fighting
 + Level 5.4 Maces & Flails
 + Level 4.6 Armour
 + Level 2.8 Dodging
 + Level 0.1 Stealth


You had 5 spell levels left.
You didn't know any spells.
Your spell library was empty.

Dungeon Overview and Level Annotations

Branches:
Dungeon (6/15)
 Temple: D:4-7

Altars:
Makhleb
Qazlal


Innate Abilities, Weirdness & Mutations

Your spellcasting is much less encumbered by armour.
You can use scrolls of enchantment on lesser artefacts.


Message History

You sock the hound!
The hound is severely wounded.
The hound bites you but does no damage. The sleepcap releases spores at you.
You are engulfed in a cloud of soporific spores!
You fall asleep.
The hound bites you!
You wake up.
You closely miss the hound.
The hound is severely wounded.
The sleepcap barely misses you. The hound bites you.
You closely miss the hound.
The hound is severely wounded.
The hound misses you.
The sleepcap releases spores at you but does no damage.
The hound bites you.
The sleepcap releases spores at you but does no damage.
You hit the hound.
The hound is almost dead.
The hound bites you but does no damage. x2; The sleepcap barely misses you.
You barely miss the hound.
The hound is almost dead.
The hound bites you. The sleepcap barely misses you.
You sock the hound!
You kill the hound!
Trog accepts your kill. The sleepcap closely misses you.
The sleepcap releases spores at you.
You see here a hound corpse.
You hit the sleepcap but do no damage. The sleepcap releases spores at you.
* * * LOW HITPOINT WARNING * * *
You sock the sleepcap!
The sleepcap is moderately damaged.
The sleepcap barely misses you.
You thump the sleepcap!
The sleepcap is severely damaged.
The sleepcap releases spores at you!
* * * LOW HITPOINT WARNING * * *
You are engulfed in a cloud of soporific spores!
You fall asleep.
The sleepcap releases spores at you!!
You die...

#. . . #.
### #.# ..
#..##.#
#....#
##.####@f#
.......>.#
.#.#######


You could see a sleepcap.

Vanquished Creatures
  An ice beast (D:6)
  A scorpion (D:6)
  A howler monkey (D:6)
  A hound (D:5)
  Jessica (D:2)
  An iguana (D:6)
  4 adders
  3 dart slugs
  5 bats
  5 endoplasms
  2 giant cockroaches
  4 goblins
  A hobgoblin (D:2)
  6 jackals (D:2)
  5 kobolds
  2 quokkas
  5 ball pythons
  3 frilled lizards (D:1)
  2 rats
53 creatures vanquished.

Notes
Turn   | Place    | Note
-------+----------+-------------------------------------------
     0 | D:1      | n00bmints the Mountain Dwarf Berserker began the quest for
                  | the Orb.
     0 | D:1      | Reached XP level 1. HP: 19/19 MP: 1/1
   172 | D:1      | Reached skill level 4 in Maces & Flails
   172 | D:1      | Reached XP level 2. HP: 26/26 MP: 2/2
   510 | D:1      | Reached XP level 3. HP: 30/33 MP: 3/3
  1003 | D:2      | Reached ** piety under Trog
  1134 | D:2      | Reached XP level 4. HP: 36/40 MP: 4/4
  1361 | D:2      | Noticed Jessica
  1374 | D:2      | Killed Jessica
  1855 | D:3      | Found a burning altar of Makhleb.
  1866 | D:3      | Reached XP level 5. HP: 42/42 MP: 5/5
  1916 | D:3      | You fall into a shaft and drop 3 floors!
  1916 | D:6      | Found a stormy altar of Qazlal.
  2074 | D:6      | Noticed an ice beast
  2105 | D:6      | Killed an ice beast
  2106 | D:6      | Reached skill level 5 in Maces & Flails
  2106 | D:6      | Reached XP level 6. HP: 52/52 MP: 6/6
  2664 | D:5      | Entered Level 5 of the Dungeon
  2687 | D:5      | Mangled by a sleepcap

Illustrated notes

Levels and vault maps discovered:
D:1:      sevenhm_arrival_forest_fort_large_4, layout_basic,
          reono_crystal_passage
D:2:      layout_basic, serial_park_tiny_1, uniq_jessica
D:3:      minmay_recursive_quarters, layout_basic, bloody_makhleb
D:5:      layout_basic, chequers_serial_rivers_small_3, hangedman_feature_mirror
D:6:      layout_gridville, nicolae_qazlal_scattered_showers

Skill      XL: |  1  2  3  4  5 |
---------------+----------------+-----
Maces & Flails | 4 5 |  5.4
Dodging        | 2 |  2.8
Armour         | 3 4 |  4.6
Fighting       | 4 |  4.6
Stealth        | |  0.1

Action                     |  1- 3 |  4- 6 || total
---------------------------+-------+-------++-------
  Melee: Mace              |   121 |    97 ||   218
 Invoke: Trog's Hand       |       |     3 ||     3
         Berserk           |       |     2 ||     2
    Use: Scroll            |     2 |     2 ||     4
 Armour: Animal skin       |    23 |       ||    23
         Ring mail         |    66 |   113 ||   179
  Dodge: Dodged            |    98 |    91 ||   189

Table legend: (Time is in decaauts)
 A = Elapsed time spent in this place.
 B = Non-inter-level travel time spent in this place.
 C = Inter-level travel time spent in this place.
 D = Time resting spent in this place.
 E = Time spent auto-exploring this place.
 F = Levels seen in this place.
 G = Mean time per level.
                   A        B        C        D        E       F      G
               +--------+--------+--------+--------+--------+-----+--------+
         Total |   2756 |   2527 |    229 |      0 |   1816 |   5 |  551.2 |
       Dungeon |   2756 |   2527 |    229 |      0 |   1816 |   5 |  551.2 |
               +--------+--------+--------+--------+--------+-----+--------+

Top non-repeatable levels by time:
     D:1: 946 daAuts
     D:2: 856 daAuts
     D:6: 761 daAuts
     D:3: 167 daAuts
     D:5: 25 daAuts
